 Dungeon Crawl Stone Soup version 0.19-a0-1905-ge8b2aad (webtiles) character file.

3686 Naow the Covert (level 9, -4/39 HPs)
             Began as a Spriggan Enchanter on Oct 21, 2016.
             Was an Initiate of Dithmenos.
             Slain by a hell rat (15 damage)
             ... on level 9 of the Dungeon.
             The game lasted 00:17:00 (7988 turns).

Naow the Covert (Spriggan Enchanter)                Turns: 7988, Time: 00:17:00

Health: -4/39      AC:  4    Str:  6    XL:     9   Next: 90%
Magic:  0/24       EV: 18    Int: 17    God:    Dithmenos [......]
Gold:   435        SH:  0    Dex: 17    Spells: 4 memorised, 19 levels left

rFire  . . .     SeeInvis +     a - +1 dagger
rCold  + . .     Gourm    .     b - +1 robe
rNeg   . . .     Faith    .     (shield restricted)
rPois  .         Spirit   +     (helmet restricted)
rElec  .         Reflect  .     g - +0 cloak
rCorr  .         Harm     .     (gloves unavailable)
MR     +....                    (boots unavailable)
Stlth  +++++.....               N - amulet of guardian spirit
                                A - ring of protection from cold
                                f - ring of flight

@: drained, very quick
A: unfitting armour, see invisible, herbivore 3, speed 3, slow metabolism 2
a: Renounce Religion, Evoke Flight


You were on level 9 of the Dungeon.
You worshipped Dithmenos.
Dithmenos was noncommittal.
You were not hungry.

You visited 2 branches of the dungeon, and saw 10 of its levels.

You collected 435 gold pieces.

Inventory:

Hand Weapons
 a - a +1 dagger (weapon)
 I - a +0 blowgun
Missiles
 J - 73 poisoned needles (quivered)
 K - 3 curare-tipped needles
Armour
 b - a +1 robe (worn)
 g - a +0 cloak (worn)
Jewellery
 f - a ring of flight (left hand)
 p - a +2 amulet of reflection
 A - a ring of protection from cold (right hand)
 N - an amulet of guardian spirit (around neck)
 P - a +5 ring of dexterity {unknown}
Wands
 v - a wand of iceblast (9/15)
 C - a wand of digging (10/24)
 D - a wand of paralysis (15/24)
 F - a wand of paralysis (13/24)
 M - a wand of confusion (24/48)
 O - a wand of flame (15/48)
Scrolls
 e - 2 scrolls of random uselessness {unknown}
 h - a scroll of fog {unknown}
 l - 9 scrolls of identify {unknown}
 n - 2 scrolls of enchant armour {unknown}
 o - 2 scrolls of teleportation {unknown}
 r - a scroll of noise {unknown}
 s - a scroll of magic mapping {unknown}
 t - 2 scrolls of amnesia {unknown}
 w - a scroll of recharging {unknown}
 y - 4 scrolls of remove curse {unknown}
 B - a scroll of blinking {unknown}
 H - a scroll of fear {unknown}
Potions
 i - 2 potions of heal wounds {unknown}
 j - 2 potions of curing
 k - 2 potions of invisibility {unknown}
 q - 5 potions of degeneration {unknown}
 x - a potion of flight {unknown}
 z - a potion of haste {unknown}
 E - 3 potions of agility {unknown}
 G - a potion of resistance {unknown}
 L - a potion of lignification {unknown}
Books
 c - a book of Maledictions

   Spells                             Type                      Level
   a - Corona                         Hexes                        1
   b - Ensorcelled Hibernation        Hexes/Ice                    2
   c - Confuse                        Hexes                        3
   d - Tukima's Dance                 Hexes                        3
   e - Dazzling Spray                 Conjuration/Hexes            3
Comestibles
 d - 4 bread rations
 m - a slice of pizza
 u - 28 fruits


   Skills:
 - Level 1.1(0.8) Short Blades
 - Level 3.0(2.7) Dodging
 + Level 12.9(12.5) Stealth
 + Level 10.1(9.8) Spellcasting
 + Level 10.5(10.1) Hexes


You had 19 spell levels left.
You knew the following spells:

 Your Spells              Type           Power        Failure   Level  Hunger
a - Corona                Hex            #####..      1%          1    None
b - Ensorcelled Hibernat  Hex/Ice        ####..       1%          2    None
c - Tukima's Dance        Hex            #####...     1%          3    None
d - Confuse               Hex            #####...     1%          3    None


Dungeon Overview and Level Annotations

Branches:
Dungeon (9/15)             Temple (1/1) D:4            Lair (0/6) D:9
    Orc: D:9-12

Altars:
Ashenzari
Cheibriados
Dithmenos
Elyvilon
Fedhas
Gozag
Hepliaklqana
Kikubaaqudgha
Makhleb
Nemelex Xobeh
Okawaru
Ru
Sif Muna
Trog
Uskayaw
Vehumet
Xom
Yredelemnul
Zin
The Shining One

Annotations:
D:6 Prince Ribbit


Innate Abilities, Weirdness & Mutations

You are very small and have problems with some larger weapons.
You are too small for most types of armour.
You have supernaturally acute eyesight. (SInv)
You are a herbivore.
You cover ground extremely quickly.
You need consume almost no food.


Message History

The hell rat closely misses you.
Casting: Ensorcelled Hibernation
Confirm with . or Enter, or press ? or * to list all spells.
Aiming: Ensorcelled Hibernation
Press: ? - help, Shift-Dir - straight line, f - hell rat
Aim: a hell rat (black smoke, chance to defeat MR: 54%)
The hell rat looks drowsy...
You are too injured to fight recklessly!
The helpless hell rat fails to defend itself.
You perforate the hell rat like a sieve!!!
You kill the hell rat!
Dithmenos accepts your kill.
Casting: Ensorcelled Hibernation
Confirm with . or Enter, or press ? or * to list all spells.
Aiming: Ensorcelled Hibernation
Press: ? - help, Shift-Dir - straight line, f - hell rat
Aim: a hell rat (black smoke, chance to defeat MR: 54%)
The hell rat resists with significant effort.
The hell rat bites you!
You die...

#.## #...........#
#..#######...........#
....?..#......r?.....#
.........###........#
........## ###§#...#
.......r# ##§§§#§.#
>.......####§#§#§#.#
.......###.§§.rr§§.#
.......# #.#§#@###
....rrr# ##§§.## ##§##
#.# #.. ..# ###


You could see a hell rat and a rat.

Vanquished Creatures
  Grinder (D:5)
  A hippogriff (D:9)
  Sigmund (D:3)
  Menkaure (D:4)
  A hungry ghost (D:7)
  Edmund (D:4)
  A porcupine (D:9)
  An orc warrior (D:6)
  2 phantoms
  2 eyes of draining
  A black bear (D:7)
  2 ogres (D:8)
  A centaur (D:8)
  4 big kobolds
  A gnoll sergeant (D:7)
  6 bullfrogs
  A scorpion (D:4)
  4 crimson imps
  A centaur zombie (D:7)
  2 quasits
  A bullfrog zombie (D:8)
  4 hounds
  A centaur skeleton (D:4)
  An orc priest (D:7)
  Crazy Yiuf (D:4)
  Natasha (thrice) (D:3)
  2 iguanas
  5 orc wizards
  A hell rat (D:9)
  5 worker ants
  A hound skeleton (D:8)
  A worker ant zombie (D:7)
  8 gnolls (D:7)
  8 adders
  A river rat (D:9)
  3 oozes
  An adder zombie (D:5)
  5 adder skeletons
  4 worms
  20 orcs
  3 bats
  5 giant cockroaches
  13 goblins
  8 hobgoblins
  4 jackals
  3 quokkas
  A ball python skeleton (D:5)
  7 frilled lizards
  23 kobolds
  6 rats
184 creatures vanquished.

Notes
Turn   | Place    | Note
-------+----------+-------------------------------------------
     0 | D:1      | Naow the Spriggan Enchanter began the quest for the Orb.
     0 | D:1      | Reached XP level 1. HP: 9/9 MP: 5/5
   450 | D:1      | Reached XP level 2. HP: 13/13 MP: 7/7
   595 | D:1      | Learned a level 2 spell: Ensorcelled Hibernation
   855 | D:1      | Reached skill level 5 in Stealth
  1019 | D:2      | Found a sacrificial altar of Ru.
  1022 | D:2      | Reached XP level 3. HP: 16/16 MP: 7/9
  1176 | D:2      | Reached XP level 4. HP: 10/21 MP: 1/10
  1413 | D:2      | Found a snail-covered altar of Cheibriados.
  1624 | D:3      | Learned a level 3 spell: Tukima's Dance
  1686 | D:3      | Reached skill level 6 in Stealth
  1720 | D:3      | Noticed Sigmund
  1726 | D:3      | Killed Sigmund
  1726 | D:3      | Reached skill level 5 in Spellcasting
  1726 | D:3      | Reached skill level 5 in Hexes
  1726 | D:3      | Reached XP level 5. HP: 20/24 MP: 11/13
  1741 | D:3      | Noticed Natasha
  1744 | D:3      | Killed Natasha
  1744 | D:3      | Reached XP level 6. HP: 25/28 MP: 12/14
  1854 | D:3      | Noticed Natasha
  1858 | D:3      | Killed Natasha
  1858 | D:3      | Reached skill level 7 in Stealth
  1889 | D:3      | Noticed Natasha
  1894 | D:3      | Killed Natasha
  1989 | D:4      | Noticed Edmund
  2002 | D:4      | Killed Edmund
  2010 | D:4      | HP: 1/28 [poisoned by a scorpion]
  2332 | D:4      | Learned a level 3 spell: Confuse
  2352 | D:4      | Found a staircase to the Ecumenical Temple.
  2418 | Temple   | Entered the Ecumenical Temple
  2491 | D:4      | Noticed Menkaure
  2509 | D:4      | Killed Menkaure
  2509 | D:4      | Reached skill level 8 in Stealth
  2509 | D:4      | Reached XP level 7. HP: 27/32 MP: 7/17
  2767 | D:4      | Found a runed door.
  2981 | D:4      | Found a burning altar of Makhleb.
  2981 | D:4      | Noticed a green death
  3413 | D:4      | Noticed Crazy Yiuf
  3417 | D:4      | Killed Crazy Yiuf
  3480 | D:5      | Entered Level 5 of the Dungeon
  3704 | D:5      | Reached skill level 9 in Stealth
  4188 | D:5      | Reached XP level 8. HP: 27/36 MP: 10/19
  4323 | D:5      | Noticed Grinder
  4713 | D:5      | Killed Grinder
  4892 | D:6      | Reached skill level 10 in Stealth
  4975 | D:6      | Noticed Prince Ribbit
  5123 | D:6      | Found an opulent altar of Gozag.
  5700 | D:7      | You fall through a shaft!
  5847 | D:8      | Reached skill level 11 in Stealth
  5950 | D:8      | Found a shimmering altar of Xom.
  5950 | D:8      | Found a shimmering altar of Xom.
  5950 | D:8      | Found a shimmering altar of Xom.
  5955 | D:8      | Found a shimmering altar of Xom.
  5955 | D:8      | Found a shimmering altar of Xom.
  5955 | D:8      | Found a shimmering altar of Xom.
  5955 | D:8      | Found a shimmering altar of Xom.
  5955 | D:8      | Found a shimmering altar of Xom.
  5956 | D:8      | Found a shimmering altar of Xom.
  5956 | D:8      | Found a shimmering altar of Xom.
  5968 | D:8      | Reached XP level 9. HP: 39/39 MP: 16/22
  6194 | D:8      | Found a shattered altar of Ashenzari.
  6535 | D:7      | Reached skill level 12 in Stealth
  7324 | D:7      | Reached skill level 10 in Hexes
  7710 | D:8      | Noticed an orb spider
  7725 | D:8      | Reached skill level 10 in Spellcasting
  7896 | D:9      | Found a staircase to the Lair.
  7970 | D:9      | Found a shadowy altar of Dithmenos.
  7973 | D:9      | Became a worshipper of Dithmenos the Shadowed
  7988 | D:9      | Slain by a hell rat

Vault maps used:
D:1:      dpeg_arrival_simpleton_b
D:2:      lemuel_crystal_altar, first_bread, nicolae_ru_great_annihilating_truth
D:3:      kennysheep_flooded_box, minmay_close_crescents, uniq_sigmund,
          uniq_natasha
D:4:      makhleb_altar_promises_db, uniq_menkaure, uniq_crazy_yiuf_cottage,
          uniq_edmund
D:5:      corexii_shack_village, hex_tiny, uniq_grinder
D:6:      wad_pebble_path, nicolae_gozag_seed_capital, uniq_prince_ribbit1
D:8:      cheibrodos_ashenzari_chains, xom_shifter_show, blue_anna_alchemist
D:9:      grunt_dithmenos_smoke_and_mirrors, marbit_many_paths,
          dpeg_lair_monsters
Temple:   nicolae_temple_x_marks_the_god

Skill      XL: |  1  2  3  4  5  6  7  8  9 |
---------------+----------------------------+-----
Spellcasting   | 3 5 6 7 8 10 | 10.1
Stealth        | 5 6 8 9 11 12 | 12.9
Hexes          | 4 5 6 7 9 10 | 10.5
Short Blades   | |  1.1
Dodging        | |  3.0

Action                   |  1- 3 |  4- 6 |  7- 9 || total
-------------------------+-------+-------+-------++-------
Melee: Dagger            |    70 |    99 |   535 ||   704
 Cast: Ensorcelled Hiber |     8 |    16 |   108 ||   132
       Confuse           |       |     3 |    18 ||    21
       Tukima's Dance    |       |     2 |       ||     2
  Use: Potion            |       |     1 |       ||     1
 Stab: Sleeping          |    14 |    15 |    89 ||   118
       Paralysed         |     1 |       |       ||     1
       Confused          |       |     2 |    10 ||    12
  Eat: Bread ration      |       |       |     2 ||     2
Armor: Robe              |    11 |     8 |    79 ||    98
Dodge: Dodged            |    70 |    73 |   359 ||   502
Block: Other             |       |     1 |    21 ||    22
